 Dungeon Crawl Stone Soup version 0.19.5 (webtiles) character file.

30489 nikopol the Severer (level 13, -15/122 HPs)
             Began as a Minotaur Berserker on Dec 18, 2017.
             Was the Champion of Trog.
             Demolished by a red draconian
             ... wielding a +1 broad axe of flaming
              (23 damage)
             ... in a volcano on Dec 19, 2017.
             The game lasted 00:56:32 (15354 turns).

nikopol the Severer (Minotaur Berserker)           Turns: 15354, Time: 00:56:33

Health: -15/122    AC: 15    Str: 25    XL:     13   Next: 20%
Magic:  12/12      EV: 17    Int:  4    God:    Trog [******]
Gold:   303        SH:  0    Dex: 15    Spells: 0 memorised, 12 levels left

rFire  + . .     SeeInvis +     a - +3 battleaxe (flame)
rCold  . . .     Gourm    .     X - +0 scale mail {rF+}
rNeg   . . .     Faith    .     (shield currently unavailable)
rPois  .         Spirit   .     (helmet restricted)
rElec  .         Reflect  .     R - +2 cloak
rCorr  .         Harm     .     m - +1 pair of gloves {Str+3}
MR     +....                    (no boots)
Stlth  ..........               (no amulet)
                                p - ring of protection from magic
                                H - ring of see invisible

@: no status effects
A: retaliatory headbutt, horns 2
a: Berserk, Trog's Hand, Brothers in Arms, Burn Spellbooks, Renounce Religion


You were in a volcano.
You worshipped Trog.
Trog was exalted by your worship.
You were not hungry.

You visited 2 branches of the dungeon, and saw 13 of its levels.
You also visited: Labyrinth, Ossuary and Volcano.

You collected 844 gold pieces.
You spent 541 gold pieces at shops.

Inventory:

Hand Weapons
 a - a +3 battleaxe of flaming (weapon)
 z - a +0 shortbow
 O - a +2 eveningstar of crushing
 P - a +0 quick blade
Missiles
 y - 101 arrows
Armour
 m - a +1 pair of gloves of strength (worn)
 R - a +2 cloak (worn)
 X - a +0 scale mail of fire resistance (worn)
Rods
 q - a +4 rod of ignition (12/12)
   (You took it off a minotaur in a labyrinth)
Jewellery
 e - an uncursed ring of ice {unknown}
 p - a ring of protection from magic (right hand)
 v - an uncursed amulet of the gourmand
 H - a ring of see invisible (left hand)
Wands
 b - a wand of digging (12/24)
 A - a wand of heal wounds (6/9) (quivered)
 E - a wand of slowing (12/48)
 J - a wand of slowing (25/48)
 L - a wand of flame (32/48)
 N - a wand of iceblast (9/15)
 Y - a wand of disintegration (19/24)
 Z - a wand of heal wounds (6/9)
Scrolls
 c - a scroll of random uselessness {unknown}
 d - 8 scrolls of teleportation
 k - a scroll of remove curse
 t - 2 scrolls of recharging
 F - a scroll of blinking
 T - 2 scrolls of fear {unknown}
 U - a scroll of enchant armour {unknown}
Potions
 f - 3 potions of cure mutation
 i - 6 potions of brilliance
 j - 2 potions of haste {unknown}
 n - 2 potions of berserk rage
 o - 2 potions of lignification {unknown}
 s - a potion of invisibility {unknown}
 u - 2 potions of magic {unknown}
 w - 3 potions of agility
 x - 8 potions of curing
 C - 3 potions of might {unknown}
 K - 2 potions of cancellation {unknown}
 M - 2 potions of flight {unknown}
 Q - 2 potions of heal wounds {unknown}
 S - a potion of beneficial mutation {unknown}
Miscellaneous
 W - a lamp of fire
Comestibles
 g - 12 slices of pizza
 r - 8 beef jerkies
 B - 9 bread rations
 D - 5 meat rations
 V - 11 royal jellies


   Skills:
 + Level 13.1 Fighting
 + Level 15.0 Axes
 + Level 8.7 Bows
 + Level 11.4 Armour
 + Level 10.3 Dodging
 + Level 0.1 Evocations


You had 12 spell levels left.
You didn't know any spells.

Dungeon Overview and Level Annotations

Branches:
Dungeon (9/15)             Temple (0/1) D:4            Lair (4/6) D:8
 Shoals (0/4) Lair:4       Spider (0/4) Lair:3
    Orc: D:9-12

Altars:
Cheibriados
Elyvilon
Fedhas
Hepliaklqana
Kikubaaqudgha
Qazlal
Ru
Trog
Uskayaw
Yredelemnul
Beogh

Shops:
D:4 =   D:5 (*(   D:7 [   D:8 *


Innate Abilities, Weirdness & Mutations

You reflexively headbutt those who attack you in melee.
You have a pair of horns on your head.


Message History

The red draconian is almost dead.
The red draconian barely misses you. You furiously retaliate!
You headbutt the red draconian, but do no damage.
You barely miss the red draconian.
The red draconian is almost dead.
The red draconian hits you with a broad axe of flaming!!
* * * LOW HITPOINT WARNING * * *
Quiver which item? (- for none, * to show all) (? for menu, Esc to quit)
Quivering
A - a wand of heal wounds (7/9) for throwing.
That item cannot be evoked!
Evoke which item? (* to show all) (? for menu, Esc to quit)
Zapping:
A - a wand of heal wounds (7/9)
Press: ? - help, Shift-Dir - straight line, f - you You feel much better.
This wand has 6 charges left.
The red draconian hits you with a broad axe of flaming!!
* * * LOW HITPOINT WARNING * * *
The red draconian burns you.
* * * LOW HITPOINT WARNING * * *
The red draconian hits you with a broad axe of flaming!!
You die...

### ###########
##∩. #§#≈#≈#§#≈#
#)() #§#≈#≈#§#≈#
#!_. #§#≈#≈#≈#≈###
#[![##.......§.#8#
#...#.#§#§#§#§#..#
#..)#)#§#≈#≈#≈##.#
#$.d@)#§#≈#≈#≈##.#
##)..##########..#
##### #........##
#'######### #.#
##....##
##.###......##
#8.8##.......##
##.......≈≈....#
##.......≈≈≈≈....


You could see a red draconian (berserk).

Vanquished Creatures
  A dire elephant (Lair:3)
  The ghost of epen the Grappler, a journeyman DrTm of Makhleb (Volcano)
  A minotaur (Lab)
  A catoblepas (Lair:2)
  A hydra (Lair:3)
  An ogre mage (Volcano)
  Urug (Lair:2)
  The ghost of Xiguana the Carver, a novice HEGl (D:6)
  A hill giant (D:9)
  An obsidian statue (Volcano)
  20 elephants (Lair:3)
  5 spiny frogs
  2 rime drakes (Lair:4)
  3 komodo dragons
  A polar bear (Lair:4)
  A queen bee (Lair:2)
  2 two-headed ogres (Volcano)
  3 hippogriffs
  A wyvern (D:9)
  2 spriggans (Lair:4)
  3 wraiths
  A human (D:9)
  17 yaks
  7 fire bats (Volcano)
  4 hogs (D:9)
  The ghost of pedritolo the Digger, an amateur OpEE (D:4)
  5 water moccasins
  Duvessa (D:4)
  5 porcupines
  2 sky beasts (D:5)
  A swamp drake (D:8)
  2 orc warriors
  2 ice beasts
  3 phantoms
  4 centaurs
  4 ogres
  7 wolves (Lair:4)
  The ghost of Xiguana the Slasher, an amateur HEGl (D:3)
  2 big kobolds (D:9)
  5 crocodiles
  12 bullfrogs
  Dowan (D:4)
  2 scorpions
  24 killer bees
  8 wights
  4 howler monkeys
  3 troll skeletons (Lab)
  9 lava snakes
  5 crimson imps
  A bullfrog zombie (D:5)
  2 quasits
  2 centaur skeletons
  3 hounds
  4 orc priests
  2 jellies
  A bullfrog skeleton (D:9)
  8 iguanas
  6 orc wizards
  11 worker ants
  A hound skeleton (D:8)
  A mummy (D:6)
  4 worker ant zombies
  6 gnolls
  12 adders
  A shadow imp (D:7)
  An ooze (D:2)
  3 adder zombies
  2 adder skeletons
  3 dart slugs
  5 leopard geckos
  47 orcs
  11 giant cockroaches
  14 goblins
  8 hobgoblins
  12 jackals
  12 quokkas
  2 ball pythons (D:2)
  A ball python skeleton (Ossuary)
  12 bats
  A frilled lizard (D:2)
  A giant cockroach zombie (D:6)
  5 hobgoblin zombies (Ossuary)
  A jackal skeleton (D:4)
  14 kobolds
  A kobold zombie (D:6)
  2 leopard gecko zombies
  2 orc skeletons (Ossuary)
  An orc zombie (D:6)
  A quokka skeleton (D:4)
  7 rats
  A spectral orc (D:4)
  3 fungi
433 creatures vanquished.

Vanquished Creatures (others)
  An orc (D:5)
  75 fungi (Lair:3)
  34 plants (Lair:3)
110 creatures vanquished.

Grand Total: 543 creatures vanquished

Notes
Turn   | Place    | Note
-------+----------+-------------------------------------------
     0 | D:1      | nikopol the Minotaur Berserker began the quest for the Orb.
     0 | D:1      | Reached XP level 1. HP: 19/19 MP: 0/0
   297 | D:1      | Reached XP level 2. HP: 26/27 MP: 1/1
   592 | D:1      | Reached ** piety under Trog
   592 | D:1      | Reached skill level 4 in Axes
   601 | D:1      | Reached XP level 3. HP: 21/33 MP: 2/2
  1075 | D:2      | Found a hazy altar of Hepliaklqana.
  1275 | D:2      | Found a blossoming altar of Fedhas.
  1337 | D:2      | Reached XP level 4. HP: 40/40 MP: 3/3
  1499 | D:2      | Found a bloodstained altar of Trog.
  1925 | D:3      | Reached *** piety under Trog
  1979 | D:3      | Found a faded altar of an unknown god.
  2100 | D:3      | Reached XP level 5. HP: 47/47 MP: 4/4
  2147 | D:3      | Noticed Xiguana's ghost (amateur HEGl)
  2153 | D:3      | Killed Xiguana's ghost
  2153 | D:3      | Reached skill level 5 in Fighting
  2205 | D:3      | Found a sacrificial altar of Ru.
  2406 | D:3      | Reached skill level 5 in Axes
  2525 | D:4      | Noticed an ogre
  2527 | D:4      | Noticed Dowan
  2530 | D:4      | Noticed Duvessa
  2536 | D:4      | Killed an ogre
  2536 | D:4      | Reached XP level 6. HP: 56/56 MP: 5/5
  2590 | D:4      | Killed Duvessa
  2739 | D:4      | Killed Dowan
  2765 | D:4      | Reached skill level 5 in Armour
  2765 | D:4      | Reached XP level 7. HP: 62/62 MP: 6/6
  2914 | D:4      | Found a staircase to the Ecumenical Temple.
  2940 | D:4      | Reached skill level 6 in Axes
  2942 | D:4      | Reached skill level 5 in Dodging
  2985 | D:4      | HP: 3/64 [poisoned by a killer bee]
  2989 | D:4      | Noticed pedritolo's ghost (amateur OpEE)
  3302 | D:4      | Killed pedritolo's ghost
  3366 | D:4      | Found Beaddentar's Jewellery Shop.
  3477 | D:4      | Found a basalt altar of Yredelemnul.
  3497 | D:5      | Entered Level 5 of the Dungeon
  3526 | D:5      | Reached XP level 8. HP: 68/71 MP: 7/7
  3589 | D:5      | Reached **** piety under Trog
  3646 | D:5      | Reached skill level 7 in Axes
  3886 | D:5      | Found Gaos Vevo's Weapon Boutique.
  3895 | D:5      | Found Veejom's General Store.
  3995 | D:5      | Found a stormy altar of Qazlal.
  4282 | D:5      | Found Plog's Weapon Shop.
  4373 | D:6      | Found a sand-covered staircase.
  4374 | D:6      | Noticed Xiguana's ghost (novice HEGl)
  4388 | D:6      | Killed Xiguana's ghost
  4388 | D:6      | Reached XP level 9. HP: 81/81 MP: 8/8
  4427 | Ossuary  | Entered an ossuary
  4502 | Ossuary  | Reached skill level 8 in Axes
  6023 | D:6      | Found a hide-covered altar of Uskayaw.
  6033 | D:6      | Found a snail-covered altar of Cheibriados.
  6248 | D:7      | Reached skill level 9 in Axes
  6258 | D:7      | Reached ***** piety under Trog
  7020 | D:7      | Found Ocafo's Antique Armour Emporium.
  7039 | D:7      | Bought a glowing scale mail for 320 gold pieces
  7333 | D:7      | Reached XP level 10. HP: 91/91 MP: 9/9
  7536 | D:8      | Found Omur Duss's Assorted Antiques.
  7706 | D:8      | Found an ancient bone altar of Kikubaaqudgha.
  8161 | D:8      | Bought a brightly glowing war axe for 221 gold pieces
  8161 | D:8      | Identified the cursed +1 war axe of Demonkind {protect, rPois rF+ Str+3} (You bought it in a shop on level 8 of the Dungeon)
  8403 | D:8      | Reached skill level 10 in Armour
  8531 | D:8      | Found a staircase to the Lair.
  8729 | D:9      | Received a gift from Trog
  8729 | D:9      | Reached skill level 10 in Fighting
  8729 | D:9      | Reached skill level 10 in Axes
  8745 | D:9      | Noticed a hill giant
  8750 | D:9      | Killed a hill giant
  8750 | D:9      | Reached skill level 1 in Bows
  9006 | D:9      | Found a white marble altar of Elyvilon.
  9240 | D:9      | Reached XP level 11. HP: 101/101 MP: 10/10
  9608 | D:9      | Reached skill level 11 in Axes
  9709 | D:9      | Found a roughly hewn altar of Beogh.
  9713 | D:9      | Received a gift from Trog
  9715 | D:9      | Reached ****** piety under Trog
 10055 | Lair:1   | Entered Level 1 of the Lair of Beasts
 10489 | Lair:1   | You fall through a shaft!
 10518 | Lair:2   | Noticed a catoblepas
 10530 | Lair:2   | Killed a catoblepas
 11388 | Lair:2   | Reached skill level 5 in Bows
 11598 | Lair:2   | Reached skill level 12 in Axes
 11945 | Lair:2   | Noticed Urug
 11959 | Lair:2   | Killed Urug
 12636 | Lair:3   | Found a hole to the Spider Nest.
 12660 | Lair:3   | Reached XP level 12. HP: 101/110 MP: 11/11
 12862 | Lair:3   | Noticed a four-headed hydra
 12869 | Lair:3   | Killed a four-headed hydra
 12869 | Lair:3   | Reached skill level 13 in Axes
 13245 | Lair:3   | Received a gift from Trog
 13691 | Lair:3   | Reached skill level 14 in Axes
 13700 | Lair:3   | Noticed a dire elephant
 13714 | Lair:3   | Killed a dire elephant
 13714 | Lair:3   | Reached skill level 10 in Dodging
 14071 | Lair:4   | Found a labyrinth entrance.
 14077 | Lab      | Entered a labyrinth
 14199 | Lab      | Noticed a minotaur
 14204 | Lab      | Killed a minotaur
 14220 | Lab      | Identified Xukk's Catalogue of the Helpful Blaze
 14310 | Lair:4   | Received a gift from Trog
 14314 | Lair:4   | Reached XP level 13. HP: 97/119 MP: 12/12
 14328 | Lair:4   | Found a dark tunnel.
 14347 | Volcano  | Entered a volcano
 14605 | Volcano  | Noticed epen's ghost (journeyman DrTm)
 14624 | Volcano  | Killed epen's ghost
 15343 | Volcano  | Found a burning altar of Makhleb.
 15343 | Volcano  | Noticed a red draconian
 15347 | Volcano  | Reached skill level 15 in Axes
 15353 | Volcano  | HP: 1/122 [red draconian/broad axe of flaming (21)]
 15354 | Volcano  | Demolished by a red draconian

Skill      XL: |  1  2  3  4  5  6  7  8  9 10 11 12 13 |
---------------+----------------------------------------+-----
Axes           | 4 5 6 7 9 10 12 14 15 | 15.0
Fighting       | 4 5 6 7 9 10 11 12 13 | 13.1
Armour         | 3 4 5 6 7 9 10 11 | 11.4
Dodging        | 3 4 5 7 8 9 10 | 10.3
Bows           | 3 6 8 |  8.7
Evocations     | |  0.1

Action                   |  1- 3 |  4- 6 |  7- 9 | 10-12 | 13-15 || total
-------------------------+-------+-------+-------+-------+-------++-------
Melee: Hand axe          |    89 |    91 |   329 |    52 |       ||   561
       Headbutt          |     7 |    18 |    75 |   104 |    10 ||   214
       War axe           |       |       |       |    40 |       ||    40
       Battleaxe         |       |       |       |   299 |    34 ||   333
       Eveningstar       |       |       |       |     1 |       ||     1
 Fire: Shortbow          |       |       |    69 |   320 |    74 ||   463
Invok: Berserk           |       |     3 |     6 |     8 |     1 ||    18
       Burn Spellbooks   |       |     1 |     1 |     2 |       ||     4
Evoke: Wand              |       |       |       |       |     2 ||     2
  Use: Scroll            |       |       |     5 |    17 |       ||    22
       Potion            |       |       |       |     1 |       ||     1
  Eat: Chunk             |     1 |     5 |    18 |    28 |     2 ||    54
       Bread ration      |       |     1 |       |       |       ||     1
       Fruit             |       |       |       |     2 |       ||     2
       Meat ration       |       |       |       |       |     1 ||     1
Armor: Animal skin       |    12 |       |       |       |       ||    12
       Leather armour    |    13 |       |       |       |       ||    13
       Ring mail         |     4 |    34 |    97 |       |       ||   135
       Scale mail        |       |       |     6 |   157 |    21 ||   184
Dodge: Dodged            |    65 |    63 |   227 |   409 |    36 ||   800
